 Dungeon Crawl Stone Soup version 0.19.5 (webtiles) character file.

52 Azzok the Skirmisher (level 3, -5/34 HPs)
             Began as a Centaur Fighter on June 1, 2017.
             Splashed by a jelly's acid (6 damage)
             ... on level 1 of the Dungeon.
             The game lasted 00:01:20 (740 turns).

Azzok the Skirmisher (Centaur Fighter)               Turns: 740, Time: 00:01:21

Health: -5/34      AC: -1    Str: 19    XL:     3   Next: 60%
Magic:  3/3        EV:  5    Int:  7    God:
Gold:   89         SH:  8    Dex:  8    Spells: 0 memorised, 2 levels left

rFire  . . .     SeeInvis .     a - +0 long sword
rCold  . . .     Gourm    .     b - +0 scale mail
rNeg   . . .     Faith    .     c - +0 shield
rPois  .         Spirit   .     (no helmet)
rElec  .         Reflect  .     (no cloak)
rCorr  .         Harm     .     (no gloves)
MR     .....                    (no barding)
Stlth  ..........               (no amulet)
                                (no ring)
                                (no ring)

@: corroded, very quick
A: hooves 3, deformed body, speed 2, tough skin 3
a: no special abilities


You were on level 1 of the Dungeon.
You were not hungry.

You visited 1 branch of the dungeon, and saw 1 of its levels.

You collected 89 gold pieces.

Inventory:

Hand Weapons
 a - a +0 long sword (weapon)
Armour
 b - a +0 scale mail (worn)
 c - a +0 shield (worn)
Scrolls
 i - a scroll of identify {unknown}
 k - a scroll of enchant armour {unknown}
 l - a scroll of amnesia {unknown}
Potions
 d - a potion of might
 e - a potion of lignification {unknown}
 h - 2 potions of berserk rage {unknown}
 m - a potion of magic {unknown}
Comestibles
 f - 2 bread rations {@e1}
 g - 2 chunks of flesh {@w0}
 j - 4 fruits


   Skills:
 * Level 4.6 Fighting
 - Level 1.7 Long Blades
 - Level 2.1 Armour
 - Level 2.1 Shields


You had 2 spell levels left.
You didn't know any spells.

Dungeon Overview and Level Annotations

Branches:
Dungeon (1/15)

Altars:


Innate Abilities, Weirdness & Mutations

You have hooves in place of feet.
Armour fits poorly on your strangely shaped body.
You cover ground very quickly.
You have extremely tough skin. (AC +3)


Message History

The giant cockroach bites you.
You take 1 damage, and have 13/34 hp.
You slash the giant cockroach!
You kill the giant cockroach!
You block the jelly's attack.
You hit the jelly. The acid corrodes you!
Your hands burn!
The jelly is lightly wounded.
The jelly hits you but does no damage.
You take 1 damage, and have 12/34 hp.
You hit the jelly. The acid corrodes you!
Your hands burn!
* * * LOW HITPOINT WARNING * * *
The jelly is moderately wounded.
The jelly hits you.
* * * LOW HITPOINT WARNING * * *
You are splashed with acid!
The acid burns!
* * * LOW HITPOINT WARNING * * *
The jelly hits you.
* * * LOW HITPOINT WARNING * * *
You are splashed with acid!
The acid burns!
You die...

▒▒▒▒▒'▒▒▒▒▒▒▒··········▒▒▒▒···▒▒·
·····s†·····▒···▒▒·····▒▒▒·····▒▒
····▒▒▒J···⌠'···▒▒···▒▒▒▒·······▒
·····<·r····▒··▒▒▒▒·▒▒ ▒·········
·⌠···>·(h⌠··▒·▒▒▒▒▒··▒▒▒·▒▒······
▒╬▒▒▒▒▒▒▒s▒▒▒····▒▒▒·····▒▒▒▒·▒▒▒
····)·········▒▒···▒···▒▒▒ ▒·▒▒▒
▒·▒·▒▒▒··▒▒··▒▒▒▒▒···▒▒▒ ▒····
▒···········▒▒rJ@····▒▒▒▒▒▒▒▒▒▒▒·
▒▒▒▒···········▒▒▒▒··········▒▒▒▒
··············▒▒ ▒▒▒▒▒▒▒▒▒▒·····
▒▒▒···········▒ ▒▒▒▒▒·
▒···········▒ ▒▒·· ▒··········▒▒
▒··· ▒▒▒·······▒▒ ▒··· ▒···▒▒▒▒▒
▒··· ▒▒▒▒▒ ▒···


You could see a jelly and a rat.

Vanquished Creatures
  4 oozes (D:1)
  A worm (D:1)
  A dart slug (D:1)
  5 giant cockroaches (D:1)
  3 goblins (D:1)
  2 hobgoblins (D:1)
  6 jackals (D:1)
  2 kobolds (D:1)
  2 bats (D:1)
  A rat (D:1)
27 creatures vanquished.

Notes
Turn   | Place    | Note
-------+----------+-------------------------------------------
     0 | D:1      | Azzok the Centaur Fighter began the quest for the Orb.
     0 | D:1      | Reached XP level 1. HP: 19/19 MP: 1/1
     1 | D:1      | Found a runed door.
     3 | D:1      | Noticed a jelly
   221 | D:1      | Reached XP level 2. HP: 26/26 MP: 2/2
   693 | D:1      | Reached skill level 4 in Fighting
   697 | D:1      | Reached XP level 3. HP: 14/33 MP: 3/3
   740 | D:1      | HP: 1/34 [jelly (2)]
   740 | D:1      | Splashed by a jelly's acid

Skill      XL: |  1  2 |
---------------+-------+-----
Fighting       | 4 |  4.6
Long Blades    | |  1.7
Armour         | |  2.1
Shields        | |  2.1

Action                   || total
-------------------------++-------
Melee: Long sword        ||    83
       Kick              ||    17
Armor: Scale mail        ||    60
Dodge: Dodged            ||    27
Block: Shield            ||    37
       Rpst.: Long sword ||    11
